 Dungeon Crawl Stone Soup version 0.30.1-11-g7821555f0a (webtiles) character file.

Game seed: 9096914360497565113

697 VictoriousLee the Skirmisher (level 7, 32/32 HPs)
             Began as a Spriggan Hexslinger on Jan 1, 2024.
             Quit the game on level 4 of the Dungeon.
             The game lasted 00:17:18 (4344 turns).

VictoriousLee the Skirmisher (Spriggan Hexslinger)  Turns: 4344, Time: 00:17:19

Health: 32/32      AC:  2    Str:  6    XL:     7   Next: 37%
Magic:  10/10      EV: 17    Int: 14    God:
Gold:   150        SH:  0    Dex: 18    Spells: 7/8 levels left

rFire   . . .        a - +1 sling
rCold   . . .        (no shield)
rNeg    . . .        c - +0 robe
rPois   +            (helmet restricted)
rElec   .            (no cloak)
rCorr   .            (gloves unavailable)
SInv    +            (boots unavailable)
Will    +....        (no amulet)
Stlth   ++           w - ring of poison resistance
HPRegen 0.25/turn    (no ring)
MPRegen 0.12/turn

%: no passive effects
@: very quick
A: very small, no large weapons, unfitting armour, see invisible, speed 3
a: no special abilities


You were on level 4 of the Dungeon.
You visited 1 branch of the dungeon, and saw 5 of its levels.

You collected 150 gold pieces.

Inventory:

Hand Weapons
 a - a +1 sling (weapon)
 e - a +0 dagger
 n - a +1 dagger of venom
 v - a +1 short sword of draining
Missiles
 t - 11 poisoned darts
Armour
 c - a +0 robe (worn)
Magical Staves
 d - a staff of poison
Jewellery
 w - a ring of poison resistance (left hand)
Scrolls
 b - 3 scrolls of poison
 f - a scroll of acquirement {unknown}
 j - a scroll of summoning {unknown}
 k - 4 scrolls of teleportation {unknown}
 l - 2 scrolls of fog {unknown}
 m - 2 scrolls of amnesia {unknown}
 o - 5 scrolls of identify {unknown}
 p - 2 scrolls of noise {unknown}
 s - a scroll of silence {unknown}
 u - a scroll of enchant armour {unknown}
 y - 3 scrolls of blinking {unknown}
Potions
 g - a potion of flight
 h - a potion of curing
 i - 3 potions of mutation {unknown}
 q - a potion of cancellation {unknown}
 r - 3 potions of attraction {unknown}
 x - a potion of might {unknown}


   Skills:
 - Level 0.7 Fighting
 + Level 8.4 Ranged Weapons
 - Level 2.6 Dodging
 - Level 1.3 Spellcasting
 - Level 3.6 Hexes


You had 7 spell levels left.
You knew the following spells:

 Your Spells              Type           Power      Damage    Failure   Level
a - Slow                  Hex            44%        N/A       6%          1

Your spell library contained the following spells:

 Spells                   Type           Power      Damage    Failure   Level
 Inner Flame              Hex/Fire       6%         N/A       36%         3
 Portal Projectile        Hex/Tloc       12%        N/A       36%         3
 Cause Fear               Hex            5%         N/A       50%         4
 Ozocubu's Armour         Ice            0%         N/A       58%         3
 Malign Gateway           Summ/Tloc      0%         N/A       100%        7
 Ozocubu's Refrigeration  Ice            0%         4d7       100%        7
 Summon Horrible Things   Summ           0%         N/A       100%        8


Dungeon Overview and Level Annotations

Branches:
Dungeon (5/15)
 Temple: D:4-7

Altars:
Qazlal
Ru


Innate Abilities, Weirdness & Mutations

You are very small and have problems with some larger weapons.
You are too small for most types of armour.
You have supernaturally acute eyesight. (SInv)
You cover ground extremely quickly. (Speed+++)


Message History

The sling bullet barely misses the hound.
The hound bites you.
You shoot a sling bullet. The sling bullet hits the hound.
The hound is almost dead.
The hound bites you. x2
You shoot a sling bullet.
The sling bullet closely misses the hound.
The hound bites you.
You shoot a sling bullet. The sling bullet hits the hound.
You kill the hound!
You now have 150 gold pieces (gained 15).
y - 3 scrolls labelled VOIGETER GOFUL The centaur shoots an arrow.
The arrow barely misses you.
You shoot a sling bullet. The sling bullet hits the centaur.
The centaur is lightly wounded.
The centaur shoots an arrow.
The arrow misses you.
You shoot a sling bullet.
The sling bullet hits the centaur but does no damage.
The centaur is lightly wounded.
The centaur shoots an arrow.
The arrow hits you.
The centaur shoots an arrow.
The arrow hits you!
You are too injured to fight recklessly!
Unknown command.
You are too injured to fight recklessly!
You see here a hound corpse.
The centaur shoots an arrow.
The arrow hits you!
* * * LOW HITPOINT WARNING * * *
There is a stone staircase leading up here.
The centaur shoots an arrow.
The arrow closely misses you.
You climb upwards.
There is a stone staircase leading down here.
You start resting.
HP restored.
Unknown command.
Unknown command.
Unknown command.
Saving game... please wait.
Welcome back, VictoriousLee the Spriggan Hexslinger.
Press ? for a list of commands and other information.
Are you sure you want to abandon this character and quit the game? (Confirm with "yes".)

.#######......##...# #...#.## .#
#......##...#######..≈##.# .#
##############.......≈≈##. .#
#...####.)≈≈##. .# #...# #.§≈§#..
.# #...# #..≈≈### .# ####...#
#...≈≈≈§ .# #....######.#.§§§§ .#
##@..........#..§≈§ .#
#.........#####.§§§
.##############.....<............
............<...........########.
############............# ##
#............####### #
###...###.#.).....#~# # #≈#...#
#.#.......#~### #####≈#...#
#.+.......#~~~#


There were no monsters in sight!

Vanquished Creatures
  Sigmund (D:2)
  A water moccasin (D:4)
  An ogre (D:4)
  A phantom (D:4)
  A scorpion (D:4)
  2 hounds
  An iguana (D:5)
  A gnoll (D:4)
  5 adders
  2 worms
  6 bats
  5 endoplasms
  7 giant cockroaches
  12 goblins
  7 hobgoblins
  5 kobolds
  A quokka (D:1)
  5 ball pythons
  4 frilled lizards
  9 rats
77 creatures vanquished.

Notes
Turn   | Place    | Note
-------+----------+-------------------------------------------
     0 | D:1      | VictoriousLee the Spriggan Hexslinger began the quest for
                  | the Orb.
     0 | D:1      | Reached XP level 1. HP: 9/9 MP: 3/3
   160 | D:1      | Reached XP level 2. HP: 14/14 MP: 5/5
   225 | D:1      | Reached skill level 3 in Ranged Weapons
  1052 | D:2      | Reached XP level 3. HP: 17/17 MP: 6/6
  1132 | D:2      | Noticed Sigmund
  1656 | D:2      | Killed Sigmund
  1657 | D:2      | Reached skill level 5 in Ranged Weapons
  1657 | D:2      | Reached XP level 4. HP: 6/21 MP: 7/7
  1657 | D:2      | Reached XP level 5. HP: 7/25 MP: 8/8
  1748 | D:2      | Reached skill level 6 in Ranged Weapons
  2127 | D:3      | Found a sacrificial altar of Ru.
  2405 | D:3      | Found a stormy altar of Qazlal.
  2471 | D:3      | Identified the +1 war axe of Qiytsepp {spect, Fly rElec
                  | rPois rC++ Will-}
  2492 | D:3      | Reached XP level 6. HP: 29/29 MP: 9/9
  2952 | D:4      | Reached skill level 7 in Ranged Weapons
  3157 | D:4      | Noticed a water moccasin
  3215 | D:4      | Killed a water moccasin
  3390 | D:4      | Reached XP level 7. HP: 8/32 MP: 10/10
  3687 | D:4      | Reached skill level 8 in Ranged Weapons
  3912 | D:5      | Entered Level 5 of the Dungeon
  4344 | D:4      | Quit the game

Illustrated notes

Levels and vault maps discovered:
D:1:      roderic_octagonal_star, layout_basic
D:2:      layout_loops_ring, minmay_pentomino_s4, uniq_sigmund
D:3:      layout_rooms, mainiacjoe_overflow_catch_the_wave
D:4:      layout_basic, serial_rivers, chequers_serial_rivers_small_3,
          chequers_serial_rivers_micro_e, chequers_serial_rivers_large_b,
          chequers_serial_rivers_room_a, chequers_serial_rivers_micro_c,
          grunt_decor_junction
D:5:      layout_gridville, lemuel_doored_altar

Skill      XL: |  1  2  3  4  5  6  7 |
---------------+----------------------+-----
Ranged Weapons | 3 5 6 7 8 |  8.4
Fighting       | |  0.7
Dodging        | |  2.6
Spellcasting   | |  1.3
Hexes          | |  3.6

Action                     |  1- 3 |  4- 6 |  7- 9 || total
---------------------------+-------+-------+-------++-------
   Fire: Sling             |   139 |   146 |    50 ||   335
    Use: Potion            |       |     2 |       ||     2
 Armour: Robe              |     3 |     7 |     1 ||    11
  Dodge: Dodged            |    49 |    49 |    20 ||   118
